Map: Abyssal Reef LE

Players

ShoWTimE

  • Race: Protoss Protoss
  • League: Master
  • Spawn Location: 11:00

Geralt (Gerald) - Winner!

  • Race: Protoss Protoss
  • League: Grandmaster
  • Spawn Location: 5:00

Event: HomeStory Cup XXVI

VOD

Have the link to the VOD?

Description

Time

  • Played on: Nov. 29, 2024, 11:32 a.m.
  • Length: 4:37

All games in this series

Show
View Real Time Build Order
Export as new Build Order

ShoWTimE Protoss 

Build Orders: Oracle Opening, Proxy Void Ray 

Get SALT Encoding   

  12  0:00  Probe  
  13  0:12  Probe  
  14  0:18  Pylon  
  14  0:24  Probe  
  15  0:32  Probe  
  15  0:37  Gateway  
  15  0:40  Probe  
  16  0:46  Assimilator  
  17  0:50  Probe  
  18  0:59  Probe  
  18  1:04  Assimilator  
  19  1:07  Probe, Pylon  
  19  1:17  Probe  
  20  1:25  Cybernetics Core  
  21  1:29  Probe  
  21  1:32  Zealot  
  24  1:41  Probe  
  25  1:53  Probe  
  26  2:01  Warp Gate  
  26  2:04  Stargate  
  28  2:11  Stalker  
  28  2:31  Pylon  
  28  2:40  Oracle  
  28  2:48  Stalker  
  32  2:54  Nexus  
  32  3:02  Shield Battery  
  32  3:05  Probe  
  33  3:18  Probe  
  34  3:20  Void Ray  
  38  3:31  Pylon  
  38  3:32  Probe  
  39  3:44  Shield Battery  
  39  3:54  Stalker  
  39  3:59  Void Ray  
Show
View Real Time Build Order
Export as new Build Order

Geralt Protoss - Winner!

Build Orders:  

Get SALT Encoding   

  12  0:00  Probe  
  13  0:12  Probe  
  14  0:17  Pylon  
  14  0:22  Probe  
  15  0:31  Probe  
  16  0:37  Gateway  
  16  0:40  Probe  
  16  0:46  Assimilator  
  17  0:52  Probe  
  17  0:56  Assimilator  
  18  1:00  Probe  
  18  1:08  Probe  
  18  1:09  Gateway  
  20  1:19  Probe  
  21  1:26  Cybernetics Core  
  21  1:32  Probe  
  22  1:40  Pylon  
  22  1:44  Probe  
  23  1:50  Warp Gate  
  23  1:59  Stalker x2  
  23  2:03  Probe  
  28  2:15  Probe  
  29  2:22  Pylon  
  29  2:23  Pylon  
  29  2:27  Probe  
  30  2:38  Pylon  
  30  2:41  Gateway, Stalker  
  32  2:55  Gateway  
  32  3:03  Shield Battery  
  36  3:23  Pylon  
  32  3:38  Stalker x3  
  38  3:56  Stalker  
  38  4:02  Stalker  
  38  4:03  Stalker x2  
Tags
 
Add a new tag
Caveats
  • Supply blocks, unpowered buildings, or Contaminate may cause inaccurate times.
  • Supply counts are checked every 10 seconds.